Map: 킹스 코브 - 래더

Players

INnoVation - Winner!

  • Race: Terran Terran

Maru

  • Race: Terran Terran

Event: WESG 2018 Grand Finals

VOD

Have the link to the VOD?

Description

Time

  • Played on: March 16, 2019, 4:24 a.m.
  • Length: 7:59

All games in this series

Show
View Real Time Build Order
Export as new Build Order

INnoVation Terran - Winner!

Build Orders:  

Get SALT Encoding   

  12  0:00  SCV  
  13  0:12  SCV  
  14  0:18  Supply Depot  
  14  0:24  SCV  
  15  0:29  Refinery  
  15  0:39  SCV  
  16  0:45  Barracks  
  16  0:51  SCV  
  17  1:03  SCV  
  18  1:11  Refinery  
  18  1:16  SCV  
  19  1:32  Reaper, Orbital Command  
  20  1:39  Supply Depot  
  20  1:50  Factory  
  20  1:58  SCV  
  21  2:04  Reaper  
  22  2:10  SCV  
  22  2:34  Hellion  
  22  2:36  Reaper  
  25  2:38  SCV  
  25  2:41  Command Center  
  26  2:46  Supply Depot  
  26  2:50  SCV  
  27  2:56  Hellion  
  29  3:02  Starport  
  29  3:05  SCV  
  30  3:10  Barracks Tech Lab  
  30  3:17  Factory Tech Lab, SCV  
  29  3:29  SCV  
  30  3:41  Barracks Reactor  
  30  3:42  SCV  
  31  3:54  Orbital Command, SCV  
  31  3:55  Raven  
  34  4:06  SCV  
  33  4:13  Refinery  
  33  4:15  Cyclone  
  36  4:17  Marine  
  36  4:18  Marine, SCV  
  36  4:20  SCV  
  40  4:30  SCV  
  41  4:32  SCV  
  41  4:35  Marine x2  
  44  4:41  Raven  
  44  4:43  SCV  
  44  4:44  SCV  
  47  4:46  Supply Depot  
  47  4:53  Marine x2  
  47  4:55  SCV  
  47  4:56  SCV  
  47  4:58  Siege Tank  
  54  5:01  Supply Depot  
  54  5:08  SCV  
  54  5:11  Marine x2  
  57  5:14  SCV  
  57  5:20  SCV  
  57  5:25  Command Center  
  57  5:26  SCV  
  58  5:31  Siege Tank  
  58  5:32  SCV  
  60  5:39  Stimpack  
  60  5:40  Marine  
  61  5:45  SCV x2  
  61  5:47  Viking x2  
  67  5:51  Supply Depot  
  67  5:52  Refinery  
  67  5:57  SCV x2  
  67  5:58  Marine, Supply Depot  
  70  6:13  Siege Tank, SCV x2  
  70  6:14  Supply Depot  
  70  6:17  Viking  
  77  6:20  Viking  
  77  6:25  Marine, SCV x2  
  82  6:38  Orbital Command  
  82  6:39  SCV x2  
  84  6:43  Marine, Supply Depot  
  84  6:45  Siege Tank  
  88  6:47  Viking  
  88  6:50  Viking  
  92  6:59  Orbital Command  
  92  7:03  SCV x2  
  92  7:06  Barracks  
  92  7:07  Barracks  
  93  7:11  Engineering Bay x2  
  93  7:14  Marine  
  94  7:17  Siege Tank  
  97  7:23  Viking x2  
  97  7:26  SCV  
  97  7:27  SCV x2  
  103  7:37  Marine  
  104  7:50  Barracks  
  105  7:52  Barracks  
Show
View Real Time Build Order
Export as new Build Order

Maru Terran 

Build Orders: Reaper Expand 

Get SALT Encoding   

  12  0:00  SCV  
  13  0:15  Supply Depot  
  13  0:18  SCV  
  14  0:39  Barracks  
  14  0:41  Refinery  
  14  0:56  Barracks  
  14  0:59  SCV  
  15  1:11  SCV  
  16  1:23  SCV  
  17  1:32  Reaper  
  17  1:35  Orbital Command  
  17  2:01  SCV  
  17  2:04  Reaper  
  17  2:07  Command Center  
  19  2:13  SCV  
  20  2:18  Refinery  
  20  2:26  Factory  
  20  2:32  SCV  
  20  2:38  Reaper  
  20  2:41  Supply Depot  
  20  2:44  SCV  
  21  2:57  SCV  
  22  3:10  Hellion  
  22  3:11  Reaper  
  25  3:12  Starport  
  25  3:17  SCV  
  26  3:26  Orbital Command  
  26  3:30  SCV  
  26  3:36  Hellion  
  28  3:43  SCV  
  29  3:50  Starport Tech Lab  
  29  3:54  SCV  
  29  3:55  SCV  
  31  3:59  Hellion  
  33  4:06  SCV  
  33  4:07  SCV  
  34  4:11  Raven  
  36  4:18  SCV  
  36  4:19  SCV  
  36  4:23  Factory Tech Lab  
  38  4:30  SCV  
  39  4:33  SCV  
  39  4:34  Barracks  
  38  4:42  SCV  
  39  4:45  Cyclone  
  39  4:47  SCV  
  39  4:48  Supply Depot  
  43  4:53  Refinery  
  43  4:54  SCV  
  43  4:58  Raven  
  46  5:09  SCV x2  
  46  5:10  Supply Depot  
  47  5:21  SCV x2  
  48  5:30  Barracks Reactor, Siege Tank  
  48  5:33  SCV x2  
  53  5:35  Command Center  
  53  5:46  Refinery, SCV x2  
  53  5:49  Supply Depot  
  55  5:53  Raven  
  57  5:58  SCV x2  
  59  6:07  Siege Tank  
  59  6:10  SCV x2  
  64  6:11  Marine x2, Supply Depot  
  66  6:19  Barracks  
  66  6:20  Barracks  
  66  6:22  SCV  
  66  6:23  SCV  
  67  6:34  SCV  
  67  6:35  SCV  
  67  6:36  Engineering Bay x2  
  69  6:41  Siege Tank  
  69  6:42  Marine  
  69  6:46  SCV  
  74  6:47  SCV, Viking  
  74  6:51  Viking  
  77  6:55  Orbital Command  
  77  6:59  SCV  
  76  7:05  SCV  
  78  7:10  Marine x3  
  80  7:19  Viking  
  80  7:21  SCV, Viking  
  85  7:27  SCV  
  85  7:28  Marine  
  90  7:33  Marine x2  
  89  7:49  Supply Depot  
  89  7:50  Supply Depot  
Tags
 
Add a new tag
Caveats
  • Supply blocks, unpowered buildings, or Contaminate may cause inaccurate times.
  • Supply counts are checked every 10 seconds.